MLB
CLEVELAND GUARDIANS @ MINNESOTA TWINS
05/28/2098
 
TOP OF THE 1ST
Cleveland Guardians batting - Pitching for Minnesota Twins : RHP Russell Cottrell
Pitching: RHP Russell Cottrell
Batting: RHB Chase Calhoun 0-0: Ball
1-0: Ball
2-0: Ball
3-0: Called Strike
3-1: Called Strike
3-2: Strikes out swinging
Batting: LHB Mel Soto 0-0: Ball
1-0: Swinging Strike
1-1: Swinging Strike
1-2: Foul Ball, location: 5SF
1-2: Strikes out swinging
Batting: LHB Jonathan Setzler 0-0: Called Strike
0-1: Swinging Strike
0-2: SINGLE (Line Drive, 78M, EV 91.3 MPH)
Batting: RHB Barry Nicholson 0-0: Called Strike
0-1: Called Strike
0-2: SINGLE (Line Drive, 3D, EV 108.1 MPH)
Jonathan Setzler to second
Batting: LHB Dallas Ostrove 0-0: Ball
1-0: Ground out 4-3 (Groundball, 4, EV 87.5 MPH)
Top of the 1st over - 0 runs, 2 hits, 0 errors, 2 left on base; Cleveland 0 - Minnesota 0
BOTTOM OF THE 1ST
Minnesota Twins batting - Pitching for Cleveland Guardians : RHP Reed Harris
Pitching: RHP Reed Harris
Batting: SHB Dan Mayes 0-0: Ball
1-0: Ball
2-0: Ball
3-0: Called Strike
3-1: Fly out, F7 (Line Drive, 78D, EV 88.8 MPH)
Batting: SHB Jim Whitlock 0-0: Ball
1-0: Swinging Strike
1-1: Ball
2-1: Foul Ball, location: 2F
2-2: Foul Ball, location: 23F
2-2: Strikes out swinging
Batting: SHB William Maki 0-0: Ball
1-0: Ball
2-0: Ball
3-0: Called Strike
3-1: Ground out 4-3 (Groundball, 4, EV 90.6 MPH)
Bottom of the 1st over - 0 runs, 0 hits, 0 errors, 0 left on base; Cleveland 0 - Minnesota 0
TOP OF THE 2ND
Cleveland Guardians batting - Pitching for Minnesota Twins : RHP Russell Cottrell
Batting: RHB Jimmy Murphey 0-0: Called Strike
0-1: Foul Ball, location: 9LMF
0-2: Strikes out looking
Batting: SHB Jose Agramonte 0-0: Called Strike
0-1: Foul Ball, location: 5F
0-2: Ball
1-2: Foul Ball, location: 7LSF
1-2: Foul Ball, location: 2RF
1-2: Foul Ball, location: 9LSF
1-2: Ball
2-2: Fly out, F9 (Flyball, 89D, EV 103.1 MPH)
Batting: RHB Chris Downs 0-0: Called Strike
0-1: Ball
1-1: Swinging Strike
1-2: Strikes out swinging
Top of the 2nd over - 0 runs, 0 hits, 0 errors, 0 left on base; Cleveland 0 - Minnesota 0
BOTTOM OF THE 2ND
Minnesota Twins batting - Pitching for Cleveland Guardians : RHP Reed Harris
Batting: RHB Bill Widby 0-0: Ball
1-0: Ground out 6-3 (Groundball, 6, EV 78.1 MPH)
Batting: LHB Emilio Gonzales 0-0: Ball
1-0: Ball
2-0: Foul Ball, location: 2F
2-1: Swinging Strike
2-2: Foul Ball, location: 9LMFF
2-2: Ball
3-2: Strikes out looking
Batting: RHB Joe Looby 0-0: Foul Ball, location: 2F
0-1: Ball
1-1: Ball
2-1: Called Strike
2-2: Strikes out swinging
Bottom of the 2nd over - 0 runs, 0 hits, 0 errors, 0 left on base; Cleveland 0 - Minnesota 0
TOP OF THE 3RD
Cleveland Guardians batting - Pitching for Minnesota Twins : RHP Russell Cottrell
Batting: RHB Chris Goacher 0-0: Ball
1-0: Called Strike
1-1: Foul Ball, location: 2F
1-2: Foul Ball, location: 7LSF
1-2: Strikes out swinging, 2-3 out at first.
Batting: RHB Chase Calhoun 0-0: Called Strike
0-1: Ball
1-1: Swinging Strike
1-2: Foul Ball, location: 23FF
1-2: SINGLE (Groundball, 56D, EV 96.3 MPH)
Batting: LHB Mel Soto 0-0: Ball
1-0: Ball
Chase Calhoun is caught stealing 2nd base 2-6
2-0: Called Strike
2-1: Swinging Strike
2-2: Ball
3-2: Foul Ball, location: 3FF
3-2: Base on Balls
Batting: LHB Jonathan Setzler 0-0: Fly out, F8 (Line Drive, 8RD, EV 98.1 MPH)
Top of the 3rd over - 0 runs, 1 hit, 0 errors, 1 left on base; Cleveland 0 - Minnesota 0
BOTTOM OF THE 3RD
Minnesota Twins batting - Pitching for Cleveland Guardians : RHP Reed Harris
Batting: RHB Greg Schuler 0-0: Ball
1-0: Foul Ball, location: 23F
1-1: Called Strike
1-2: Fly out, F3 (Popup, 3, EV 64.4 MPH)
Batting: LHB Chris Armstrong 0-0: Foul Ball, location: 5F
0-1: Foul Ball, location: 2F
0-2: Ball
1-2: Foul Ball, location: 2F
1-2: Foul Ball, location: 5F
1-2: Ball
2-2: Ball
3-2: Fly out, F6 (Line Drive, 6, EV 72.5 MPH)
Batting: RHB Chris Ward 0-0: Called Strike
0-1: Called Strike
0-2: Ball
1-2: Ground out 6-3 (Groundball, 6, EV 103.1 MPH)
Bottom of the 3rd over - 0 runs, 0 hits, 0 errors, 0 left on base; Cleveland 0 - Minnesota 0
TOP OF THE 4TH
Cleveland Guardians batting - Pitching for Minnesota Twins : RHP Russell Cottrell
Batting: RHB Barry Nicholson 0-0: Ball
1-0: Fly out, F7 (Flyball, S1, EV 101.3 MPH)
Batting: LHB Dallas Ostrove 0-0: Ball
1-0: SOLO HOME RUN (Flyball, 9LD, EV 96.3 MPH), Distance : 374 ft
Batting: RHB Jimmy Murphey 0-0: Swinging Strike
0-1: Ball
1-1: Ball
2-1: Fly out, F4 (Popup, 34D, EV 52.5 MPH)
Batting: SHB Jose Agramonte 0-0: Fly out, F8 (Flyball, 8LD, EV 95.0 MPH)
Top of the 4th over - 1 run, 1 hit, 0 errors, 0 left on base; Cleveland 1 - Minnesota 0
BOTTOM OF THE 4TH
Minnesota Twins batting - Pitching for Cleveland Guardians : RHP Reed Harris
Batting: SHB Dan Mayes 0-0: Ball
1-0: Ball
2-0: Foul Ball, location: 2F
2-1: Swinging Strike
2-2: SINGLE (Groundball, 4M, EV 103.1 MPH) (infield hit)
Batting: SHB Jim Whitlock 0-0: SINGLE (Groundball, 2R, EV 68.8 MPH) (infield hit)
Dan Mayes to second
Batting: SHB William Maki 0-0: Ball
1-0: SINGLE (Line Drive, 56, EV 106.9 MPH)
Dan Mayes to third
Jim Whitlock to second
Batting: RHB Bill Widby 0-0: Ball
1-0: Grounds into double play, 6-4-3 (Groundball, 6, EV 86.9 MPH)
Dan Mayes scores
Jim Whitlock to third
Batting: LHB Emilio Gonzales 0-0: Foul Ball, location: 7LMF
0-1: Foul Ball, location: 2F
0-2: Foul Ball, location: 5F
0-2: Ball
1-2: Strikes out swinging
Bottom of the 4th over - 1 run, 3 hits, 0 errors, 1 left on base; Cleveland 1 - Minnesota 1
TOP OF THE 5TH
Cleveland Guardians batting - Pitching for Minnesota Twins : RHP Russell Cottrell
Batting: RHB Chris Downs 0-0: Ball
1-0: Called Strike
1-1: Foul Ball, location: 9LDF
1-2: Ball
2-2: SINGLE (Groundball, 6, EV 83.1 MPH)
Batting: RHB Chris Goacher 0-0: Bunted foul
0-1: SINGLE (Groundball, 5D, EV 105.0 MPH)
Chris Downs to second
Chris Downs to third
Batting: RHB Chase Calhoun 0-0: Ball
1-0: Called Strike
1-1: Ball
2-1: Ball
3-1: Fly out, F4 (Line Drive, 4M, EV 93.8 MPH)
Batting: LHB Mel Soto 0-0: Called Strike
0-1: Ball
1-1: Foul Ball, location: 2F
1-2: Ball
2-2: Fly out, F7 (Flyball, 7D, EV 99.4 MPH)
Runner from 3rd tags up, SCORES, no throw by LF
Batting: LHB Jonathan Setzler 0-0: Ball
1-0: SINGLE (Groundball, 34D, EV 95.0 MPH)
Chris Goacher to second
Runner from 2nd tries for 3rd, SAFE, throw by RF made to third
Batting: RHB Barry Nicholson 0-0: Foul Ball, location: 2F
0-1: Swinging Strike
0-2: Ball
1-2: Foul Ball, location: 9LDF
1-2: Strikes out swinging
Top of the 5th over - 1 run, 3 hits, 0 errors, 2 left on base; Cleveland 2 - Minnesota 1
BOTTOM OF THE 5TH
Minnesota Twins batting - Pitching for Cleveland Guardians : RHP Reed Harris
Batting: RHB Joe Looby 0-0: Called Strike
0-1: Ball
1-1: Called Strike
1-2: Ball
2-2: Ball
3-2: Strikes out looking
Batting: RHB Greg Schuler 0-0: Called Strike
0-1: Ball
1-1: Called Strike
1-2: Strikes out swinging
Batting: LHB Chris Armstrong 0-0: Swinging Strike
0-1: Ball
1-1: Ball
2-1: Ground out 2-3 (Groundball, 13S, EV 73.8 MPH)
Bottom of the 5th over - 0 runs, 0 hits, 0 errors, 0 left on base; Cleveland 2 - Minnesota 1
TOP OF THE 6TH
Cleveland Guardians batting - Pitching for Minnesota Twins : RHP Russell Cottrell
Batting: LHB Dallas Ostrove 0-0: Foul Ball, location: 2F
0-1: Ball
1-1: Called Strike
1-2: SINGLE (Groundball, 4MD, EV 98.8 MPH)
Batting: RHB Jimmy Murphey 0-0: Ball
1-0: Called Strike
1-1: Ball
2-1: Fielders Choice at 2nd, 1-4 (Groundball, 15S, EV 73.1 MPH)
Batting: SHB Jose Agramonte 0-0: Called Strike
0-1: Foul Ball, location: 2LF
0-2: Strikes out looking
Batting: RHB Chris Downs 0-0: Ball
1-0: Ball
2-0: Ball
3-0: Called Strike
3-1: Base on Balls
Jimmy Murphey to second
Pitching: LHP Nick Frye
Batting: RHB Chris Goacher 0-0: Ball
1-0: Ball
2-0: Ball
3-0: Called Strike
3-1: Called Strike
3-2: SINGLE (Line Drive, 3D, EV 110.6 MPH)
Jimmy Murphey to third
Chris Downs to second
Jimmy Murphey scores
Chris Downs to third
Batting: RHB Chase Calhoun 0-0: Called Strike
0-1: SINGLE (Line Drive, 34D, EV 103.8 MPH)
Chris Downs scores
Chris Goacher to second
Batting: LHB Mel Soto 0-0: Ground out U3 (Groundball, 3L, EV 101.3 MPH)
Top of the 6th over - 2 runs, 3 hits, 0 errors, 2 left on base; Cleveland 4 - Minnesota 1
BOTTOM OF THE 6TH
Minnesota Twins batting - Pitching for Cleveland Guardians : RHP Reed Harris
Batting: RHB Chris Ward 0-0: Foul Ball, location: 2F
0-1: Swinging Strike
0-2: Fly out, F7 (Line Drive, 7LM, EV 95.6 MPH)
Batting: SHB Dan Mayes 0-0: Called Strike
0-1: Ball
1-1: Ball
2-1: Ball
3-1: Ground out 5-3 (Groundball, 56S, EV 88.1 MPH)
Batting: SHB Jim Whitlock 0-0: SINGLE (Line Drive, 6D, EV 95.6 MPH)
Batting: SHB William Maki 0-0: Called Strike
0-1: Foul Ball, location: 2F
0-2: Ground out 4-3 (Groundball, 4, EV 79.4 MPH)
Bottom of the 6th over - 0 runs, 1 hit, 0 errors, 1 left on base; Cleveland 4 - Minnesota 1
TOP OF THE 7TH
Cleveland Guardians batting - Pitching for Minnesota Twins : LHP Nick Frye
Batting: LHB Jonathan Setzler 0-0: Ground out 4-3 (Groundball, 4M, EV 88.8 MPH)
Batting: RHB Barry Nicholson 0-0: Called Strike
0-1: Swinging Strike
0-2: Ball
1-2: Ball
2-2: Strikes out swinging, 2-3 out at first.
Batting: LHB Dallas Ostrove 0-0: Swinging Strike
0-1: Ball
1-1: Foul Ball, location: 7LDF
1-2: Ball
2-2: Foul Ball, location: 23FF
2-2: Ground out 3-1 (Groundball, 34, EV 84.4 MPH)
Top of the 7th over - 0 runs, 0 hits, 0 errors, 0 left on base; Cleveland 4 - Minnesota 1
BOTTOM OF THE 7TH
Minnesota Twins batting - Pitching for Cleveland Guardians : RHP Reed Harris
Batting: RHB Bill Widby 0-0: Ball
1-0: Ball
2-0: Called Strike
2-1: Ball
3-1: Base on Balls
Batting: LHB Emilio Gonzales 0-0: Ball
1-0: Foul Ball, location: 7LMFF
1-1: Ball
2-1: Foul Ball, location: 7LMF
2-2: Ball
3-2: Foul Ball, location: 2LF
3-2: Fielders Choice at 2nd, 4-6 (Groundball, 34, EV 83.1 MPH)
Batting: RHB Joe Looby 0-0: Foul Ball, location: 7LMF
0-1: Swinging Strike
0-2: Foul Ball, location: 2F
0-2: Ball
1-2: Strikes out swinging
Batting: RHB Greg Schuler 0-0: Ball
1-0: Ball
2-0: Ball
3-0: Fly out, F8 (Flyball, 8RD, EV 88.8 MPH)
Bottom of the 7th over - 0 runs, 0 hits, 0 errors, 1 left on base; Cleveland 4 - Minnesota 1
TOP OF THE 8TH
Cleveland Guardians batting - Pitching for Minnesota Twins : LHP Nick Frye
Pitching: RHP Matt Gromaski
Batting: RHB Jimmy Murphey 0-0: Foul Ball, location: 2F
0-1: Fly out, F8 (Flyball, 8RD, EV 88.8 MPH)
Batting: SHB Jose Agramonte 0-0: Called Strike
0-1: Called Strike
0-2: Ball
1-2: Ball
2-2: SINGLE (Groundball, 34D, EV 103.8 MPH)
Batting: RHB Chris Downs 0-0: Ball
1-0: Foul Ball, location: 7LSF
1-1: Ball
2-1: Grounds into double play, 4-6-3 (Groundball, 4, EV 109.4 MPH)
Top of the 8th over - 0 runs, 1 hit, 0 errors, 0 left on base; Cleveland 4 - Minnesota 1
BOTTOM OF THE 8TH
Minnesota Twins batting - Pitching for Cleveland Guardians : RHP Reed Harris
Pitching: LHP Juan Ramirez
Batting: LHB Chris Armstrong 0-0: Ball
1-0: Called Strike
1-1: Fly out, F5 (Popup, 25F, EV 78.1 MPH)
Batting: RHB Chris Ward 0-0: Ball
1-0: Ball
2-0: Ball
3-0: Called Strike
3-1: Foul Ball, location: 23F
3-2: Foul Ball, location: 23F
3-2: Foul Ball, location: 23F
3-2: SINGLE (Line Drive, 7S, EV 89.4 MPH)
Batting: SHB Dan Mayes 0-0: Swinging Strike
0-1: Ground out 4-3 (Groundball, 34, EV 83.1 MPH)
Chris Ward to second
Batting: SHB Jim Whitlock 0-0: Ball
1-0: Ball
2-0: Ball
3-0: Called Strike
3-1: Fly out, F7 (Flyball, 78S, EV 86.3 MPH)
Bottom of the 8th over - 0 runs, 1 hit, 0 errors, 1 left on base; Cleveland 4 - Minnesota 1
TOP OF THE 9TH
Cleveland Guardians batting - Pitching for Minnesota Twins : RHP Matt Gromaski
Batting: RHB Chris Goacher 0-0: Called Strike
0-1: Ball
1-1: Swinging Strike
1-2: Ball
2-2: Foul Ball, location: 3FF
2-2: Foul Ball, location: 9LMFF
2-2: Fly out, F6 (Popup, 6, EV 66.9 MPH)
Batting: RHB Chase Calhoun 0-0: Called Strike
0-1: SINGLE (Line Drive, 4D, EV 106.3 MPH)
Batting: LHB Mel Soto 0-0: Ball
1-0: Fly out, F9 (Flyball, 9, EV 81.9 MPH)
Batting: LHB Jonathan Setzler 0-0: Called Strike
0-1: Called Strike
0-2: Strikes out swinging
Top of the 9th over - 0 runs, 1 hit, 0 errors, 1 left on base; Cleveland 4 - Minnesota 1
BOTTOM OF THE 9TH
Minnesota Twins batting - Pitching for Cleveland Guardians : LHP Juan Ramirez
Pitching: RHP Brian Pitts
Batting: SHB William Maki 0-0: Ball
1-0: Called Strike
1-1: Ball
2-1: Ground out 4-3 (Groundball, 4M, EV 85.0 MPH)
Batting: RHB Bill Widby 0-0: Foul Ball, location: 2F
0-1: Foul Ball, location: 7LSF
0-2: Ball
1-2: Ball
2-2: Ball
3-2: SINGLE (Groundball, 34D, EV 101.9 MPH)
Batting: LHB Emilio Gonzales 0-0: Foul Ball, location: 2F
0-1: Called Strike
0-2: Strikes out looking
Batting: RHB Joe Looby 0-0: Fly out, F3 (Popup, 34S, EV 80.6 MPH)
Bottom of the 9th over - 0 runs, 1 hit, 0 errors, 1 left on base; Cleveland 4 - Minnesota 1
Thursday, April 4th , 2024 - OOTP Baseball 24.11 Build 85